 Dungeon Crawl Stone Soup version 0.15-a0-717-ga3c592f (webtiles) character file.

77392 Infinimo the Bludgeoner (level 16, 0/112 HPs)
             Began as a Formicid Fighter on May 10, 2014.
             Was the Champion of Qazlal.
             Slain by Asterion
             ... wielding a +2,+1 broad axe of chopping
              (31 damage)
             ... on Level 2 of the Spider Nest.
             The game lasted 01:02:46 (30307 turns).

Infinimo the Bludgeoner (Formicid Fighter)         Turns: 30307, Time: 01:02:47

HP   0/112       AC 19     Str 31      XL: 16   Next:  4%
MP  31/31        EV  6     Int  9      God: Qazlal [******]
Gold 569         SH 57     Dex 10      Spells:  0 memorised, 15 levels left

rFire  + + .     SeeInvis +     r - +3,+2 great mace
rCold  . . .     Clarity  +     M - +0 plate armour
rNeg   . . .     Conserve .     F - +2 large shield
rPois  +         rCorr    .     (helmet unavailable)
rElec  .         rRot     .     (no cloak)
SustAb . .       Spirit   .     b - +0 pair of gloves
rMut   .         Warding  .     y - +2 pair of boots
Gourm  .         Stasis   +     L - amulet of clarity
MR     +....                    v - ring of Bolat {Str+3 Int+1 Dam+6}
                                i - ring of poison resistance

@: repel missiles, protected from fire, somewhat resistant to hostile
enchantments, extremely unstealthy
A: permanent stasis, dig shafts and tunnels, four strong arms, antennae 3
a: Dig, Shaft Self, Upheaval, Elemental Force, Disaster Area, Renounce Religion


You were on level 2 of the Spider Nest.
You worshipped Qazlal.
Qazlal was exalted by your worship.
You were hungry.

You visited 5 branches of the dungeon, and saw 25 of its levels.
You also visited: Ossuary.

You collected 2531 gold pieces.
You spent 1962 gold pieces at shops.

Inventory:

Hand weapons
 r - a +3,+2 great mace (weapon)
Armour
 b - a +0 pair of gloves (worn)
 y - a +2 pair of boots (worn)
 F - a +2 large shield (worn)
 M - a +0 plate armour (worn)
Magical devices
 h - a wand of fire (7)
 I - a wand of fireball (4)
Comestibles
 a - 2 sausages
 d - 14 bread rations
 g - 12 honeycombs
 l - 2 chokos
 o - 3 royal jellies
 w - 4 meat rations
 z - 3 apples
 B - 4 pears
 C - 18 cheeses
 D - a lychee
 K - a rambutan
 T - 10 strawberries
 V - 7 grapes
Scrolls
 c - a scroll of recharging
 f - 4 scrolls of enchant weapon II
 j - 7 scrolls of remove curse
 m - 5 scrolls of magic mapping
 n - 4 scrolls of amnesia
 u - 12 scrolls of identify
 E - a scroll of enchant weapon I
 O - a scroll of brand weapon
Jewellery
 i - a ring of poison resistance (left hand)
 v - the ring of Bolat (right hand) {Str+3 Int+1 Dam+6}
   (You bought it in a shop on level 4 of the Orcish Mines)

   [ring of slaying]

   It affects your strength (+3).
   It affects your intelligence (+1).
   It affects your damage with ranged weapons and melee attacks (+6).
 H - a cursed ring of teleportation {unknown}
 L - an amulet of clarity (around neck)
Potions
 e - 6 potions of might
 k - 5 potions of agility
 p - 4 potions of resistance
 q - 2 potions of porridge
 s - 5 potions of brilliance
 A - a potion of lignification {unknown}
 U - 2 potions of restore abilities
Books
 G - a book of Enchantments

   Spells                             Type                      Level
   Cause Fear                         Hexes                        4
   Silence                            Hexes/Air                    5
   Tukima's Dance                     Hexes                        5
   Deflect Missiles                   Charms/Air                   6
   Haste                              Charms                       6
   Discord                            Hexes                        8
 J - a book of Callings

   Spells                             Type                      Level
   Summon Small Mammal                Summoning                    1
   Call Imp                           Summoning                    2
   Call Canine Familiar               Summoning                    3
   Summon Guardian Golem              Hexes/Summoning              4
   Summon Lightning Spire             Summoning/Air                4
   Summon Ice Beast                   Ice/Summoning                4


   Skills:
 + Level 6.3 Fighting
 * Level 20.4 Maces & Flails
 - Level 10.0 Armour
 - Level 10.5 Shields
 - Level 11.1 Invocations


You had 15 spell levels left.
You didn't know any spells.

Dungeon Overview and Level Annotations

Branches:
Dungeon (10/15)            Temple (1/1) D:5             Orc (4/4) D:10
    Elf (0/3) Orc:4          Lair (8/8) D:10         Shoals (0/5) Lair:3
 Spider (2/5) Lair:5        Slime (0/6) Lair:6

Altars:
Ashenzari
Cheibriados
Dithmenos
Elyvilon
Fedhas
Gozag
Kikubaaqudgha
Makhleb
Nemelex Xobeh
Okawaru
Qazlal
Sif Muna
Trog
Vehumet
Xom
Yredelemnul
Zin
The Shining One

Shops:
D:5 =   Orc:4 }=%}

Annotations:
Lair:4 exclusion: oklob plant
Spider:2 Asterion


Innate Abilities, Weirdness & Mutations

Your are under a permanent stasis effect.
You can dig through walls and to a lower floor.
Your four strong arms can wield two-handed weapons with a shield.
You have a pair of large antennae on your head (SInv).


Message History

Asterion is severely wounded.
Asterion prays to Makhleb.
Asterion is severely wounded.
You block Asterion's attack. Asterion gores you. Asterion blocks your attack.
Asterion is severely wounded.
Asterion conjures a destructive force in the name of Makhleb!
The bolt of fire hits you! You resist.
* * * LOW HITPOINT WARNING * * *
Drink which item? (? for menu, Esc to quit)
You feel better. You block Asterion's attack. You block Asterion's attack.
Drink which item? (? for menu, Esc to quit)
You feel better.
Asterion hits you with a glowing broad axe!
* * * LOW HITPOINT WARNING * * *
x2 You block Asterion's attack.
Drink which item? (? for menu, Esc to quit)
You feel better.
Asterion hits you with a glowing broad axe!
You die...

## .#. ### ..s..
#####H##
....{.##..§{#@#
......#.s.H{###
.....?..(...#.##
........§...##..#
#..........#...##
##..............#
#..............##
#...#......#....#
####^...>##.....#


You could see Asterion.

Vanquished Creatures
  Gastronok (Orc:2)
  Snorg (Lair:5)
  Josephine (Orc:3)
  16 death yaks
  5 hydras
  An orc high priest (Orc:4)
  A centaur warrior (Orc:4)
  A catoblepas (Lair:7)
  Nergalle (Lair:5)
  Erolcha (D:8)
  2 hill giants (D:10)
  4 orc knights
  A necromancer (Lair:8)
  An orb spider (Lair:5)
  Joseph (D:8)
  8 wolf spiders
  2 griffons
  3 elephants (Lair:7)
  2 manticores
  6 black mambas
  15 spiny frogs
  2 demonic crawlers (Spider:1)
  3 fire drakes
  4 komodo dragons
  5 jumping spiders (Spider:1)
  A spriggan druid (Lair:8)
  A queen bee (Orc:3)
  2 trolls
  5 polar bears
  Sonja (Orc:4)
  7 giant fireflies (Lair:8)
  A two-headed ogre (Orc:3)
  13 blink frogs
  16 redbacks
  2 deep elf magi (D:9)
  12 spriggans (Lair:8)
  5 trapdoor spiders
  4 sharks
  A hungry ghost (D:7)
  4 tarantellas
  2 wyverns
  4 elephant slugs
  A steam dragon (D:10)
  14 yaks
  5 vampire mosquitoes (Lair:5)
  8 hippogriffs
  13 porcupines
  35 orc warriors
  18 wolves (Lair:8)
  A warg (Orc:4)
  A phantom (D:9)
  A necrophage (D:9)
  A swamp drake (Lair:5)
  12 water moccasins
  An ice beast (D:9)
  A yellow wasp (Lair:8)
  4 black bears
  6 spiders (Spider:1)
  11 ogres
  16 centaurs
  A big kobold (D:10)
  17 crocodiles
  13 giant slugs
  Blork the orc (D:5)
  A cyclops zombie (Orc:3)
  3 insubstantial wisps (Lair:5)
  14 giant frogs
  A cyclops skeleton (D:9)
  4 scorpions
  A troll zombie (Orc:3)
  11 wights
  27 killer bees
  2 orc simulacra (Orc:3)
  4 electric eels
  3 goliath beetles
  4 crimson imps
  3 centaur zombies (Ossuary)
  10 hounds
  4 big fish
  26 orc wizards
  A giant frog zombie (D:9)
  2 human zombies (Ossuary)
  A black bear zombie (D:9)
  A centaur skeleton (D:6)
  27 orc priests
  2 jellies
  A giant frog skeleton (D:6)
  9 iguanas
  A black bear skeleton (D:4)
  4 polar bear simulacra (Lair:8)
  2 spectral orcs (Lair:6)
  4 worker ants
  4 yak simulacra (Lair:8)
  2 orange rats
  17 sheep
  A mottled dragon zombie (D:9)
  3 wolf simulacra (Lair:8)
  An ogre zombie (D:9)
  An ogre skeleton (D:3)
  2 big fish zombies (D:7)
  2 mummies (Ossuary)
  28 adders
  A worker ant zombie (D:9)
  13 gnolls
  54 green rats
  2 scorpion zombies (D:9)
  3 giant mites
  2 shadow imps
  2 inept feature mimics
  5 worms
  An adder skeleton (D:7)
  9 giant geckos
  181 orcs
  A ball python (D:2)
  15 hobgoblins
  23 jackals
  12 kobolds
  16 quokkas
  25 bats
  6 giant cockroaches
  A giant gecko skeleton (D:4)
  3 giant newts
  27 goblins
  A goblin simulacrum (Orc:3)
  2 goblin zombies
  4 green rat zombies (D:9)
  A hobgoblin skeleton (D:5)
  6 hobgoblin zombies (Ossuary)
  A jackal zombie (Ossuary)
  A kobold skeleton (D:4)
  13 kobold zombies (Ossuary)
  9 orc zombies
  59 rats
  A rat skeleton (D:4)
  7 rat zombies
  3 ballistomycetes (D:8)
  3 bushes
  2 butterflies (D:7)
  105 fungi
  50 plants
1254 creatures vanquished.

Vanquished Creatures (others)
  A goblin (Orc:3)
  A kobold (D:8)
  A giant spore (D:8)
  A ballistomycete (D:8)
  12 fungi (Lair:8)
  4 plants (Lair:8)
  13 toadstools (Lair:4)
33 creatures vanquished.

Grand Total: 1287 creatures vanquished

Notes
Turn   | Place    | Note
--------------------------------------------------------------
     0 | D:1      | Infinimo, the Formicid Fighter, began the quest for the Orb.
     0 | D:1      | Reached XP level 1. HP: 18/18 MP: 1/1
   267 | D:1      | Reached XP level 2. HP: 24/24 MP: 3/3
   808 | D:2      | Reached skill level 4 in Shields
   808 | D:2      | Reached XP level 3. HP: 29/29 MP: 4/4
  1127 | D:2      | Reached XP level 4. HP: 35/35 MP: 5/5
  2417 | D:3      | Reached XP level 5. HP: 41/41 MP: 7/7
  2681 | D:3      | Reached skill level 5 in Shields
  2714 | D:3      | Reached XP level 6. HP: 20/47 MP: 8/8
  3036 | D:3      | Reached skill level 5 in Maces & Flails
  3773 | D:4      | Found a sand-covered staircase.
  3790 | Ossuary  | Entered an ossuary
  3917 | Ossuary  | Reached XP level 7. HP: 42/52 MP: 9/9
  3923 | Ossuary  | Reached skill level 6 in Shields
  4582 | D:4      | Found an ancient bone altar of Kikubaaqudgha.
  4583 | D:4      | Found a burning altar of Makhleb.
  4680 | D:4      | Reached skill level 7 in Maces & Flails
  4680 | D:4      | Reached XP level 8. HP: 58/58 MP: 11/11
  4940 | D:5      | Entered Level 5 of the Dungeon
  4967 | D:5      | Found a deep blue altar of Sif Muna.
  5252 | D:5      | Found Pioch's Jewellery Boutique.
  5299 | D:5      | Found a staircase to the Ecumenical Temple.
  5339 | Temple   | Entered the Ecumenical Temple
  5583 | Temple   | Became a worshipper of Qazlal Stormbringer
  5697 | D:5      | Found a glowing drain.
  5782 | D:5      | Reached skill level 8 in Maces & Flails
  5951 | D:5      | Noticed Blork the orc
  5956 | D:5      | Killed Blork the orc
  5977 | D:5      | Found a stormy altar of Qazlal.
  6711 | D:6      | Reached skill level 9 in Maces & Flails
  6711 | D:6      | Reached XP level 9. HP: 29/64 MP: 12/12
  6715 | D:6      | Acquired Qazlal's first power
  8371 | D:7      | Found an opulent altar of Gozag.
  8397 | D:7      | Reached skill level 10 in Maces & Flails
  8866 | D:7      | Acquired Qazlal's second power
  8869 | D:7      | Found a basalt altar of Yredelemnul.
  8924 | D:8      | Noticed Erolcha
  9192 | D:8      | Killed Erolcha
  9192 | D:8      | Reached XP level 10. HP: 42/70 MP: 13/13
  9268 | D:8      | Reached skill level 11 in Maces & Flails
  9516 | D:8      | Noticed Joseph
  9534 | D:8      | Killed Joseph
  9534 | D:8      | Reached skill level 10 in Shields
 10534 | D:9      | Identified A Primer on Witchcraft
 10559 | D:9      | Reached skill level 12 in Maces & Flails
 10711 | D:9      | Acquired Qazlal's third power
 10842 | D:9      | Acquired Qazlal's fourth power
 10904 | D:9      | Found a white marble altar of Elyvilon.
 11220 | D:9      | Noticed a manticore
 11239 | D:9      | Killed a manticore
 11239 | D:9      | Reached XP level 11. HP: 37/75 MP: 15/15
 11943 | D:9      | Reached skill level 5 in Armour
 12015 | D:10     | Entered Level 10 of the Dungeon
 12036 | D:10     | Reached skill level 13 in Maces & Flails
 12218 | D:10     | Noticed a hill giant
 12341 | D:10     | Killed a hill giant
 12531 | D:10     | Found a staircase to the Orcish Mines.
 12582 | D:10     | Acquired Qazlal's fifth power
 13286 | D:10     | Found a staircase to the Lair.
 13650 | Lair:1   | Entered Level 1 of the Lair of Beasts
 13785 | Lair:1   | Reached skill level 14 in Maces & Flails
 14379 | Lair:1   | Reached XP level 12. HP: 56/81 MP: 16/16
 15310 | Lair:2   | Reached skill level 15 in Maces & Flails
 16344 | Lair:3   | Found a staircase to the Shoals.
 17827 | Lair:4   | Found a blossoming altar of Fedhas.
 18128 | Lair:5   | Reached skill level 16 in Maces & Flails
 18150 | Lair:5   | Reached XP level 13. HP: 48/86 MP: 17/17
 18278 | Lair:5   | Found a hole to the Spider Nest.
 18427 | Lair:5   | Reached skill level 10 in Armour
 18440 | Lair:5   | Reached skill level 1 in Invocations
 18790 | Lair:6   | Noticed Snorg
 18792 | Lair:6   | Noticed Nergalle
 18828 | Lair:5   | Killed Snorg
 19227 | Lair:5   | Killed Nergalle
 19227 | Lair:5   | Reached skill level 17 in Maces & Flails
 19401 | Lair:5   | Reached skill level 5 in Invocations
 20597 | Lair:6   | Found a staircase to the Slime Pits.
 20748 | Lair:7   | Reached XP level 14. HP: 75/93 MP: 26/26
 21181 | Lair:7   | Found a stormy altar of Qazlal.
 21213 | Lair:7   | Received a gift from Qazlal (rF+)
 21633 | Lair:7   | Reached skill level 18 in Maces & Flails
 22433 | Lair:8   | Entered Level 8 of the Lair of Beasts
 23383 | Lair:8   | Reached skill level 19 in Maces & Flails
 23867 | Lair:8   | Reached XP level 15. HP: 91/98 MP: 29/29
 23887 | Lair:8   | Reached skill level 10 in Invocations
 25056 | Orc:1    | Entered Level 1 of the Orcish Mines
 26360 | Orc:2    | Noticed Gastronok
 26388 | Orc:2    | Killed Gastronok
 26642 | Orc:3    | Noticed Josephine
 26653 | Orc:3    | Killed Josephine
 27589 | Orc:4    | Entered Level 4 of the Orcish Mines
 27599 | Orc:4    | Noticed Sonja
 28061 | Orc:4    | Killed Sonja
 28344 | Orc:4    | Found a staircase to the Elven Halls.
 28505 | Orc:4    | Reached skill level 20 in Maces & Flails
 28577 | Orc:4    | Found a bloodstained altar of Trog.
 28873 | Orc:4    | Found Niawnin's Jewellery Boutique.
 28873 | Orc:4    | Found Shroyxt's Food Emporium.
 28876 | Orc:4    | Found Ghacee's Gadget Shoppe.
 28878 | Orc:4    | Found Wataasmu's Gadget Shop.
 28892 | Orc:4    | Bought the ring of Bolat {Str+3 Int+1 Dam+6} for 1962 gold pieces
 29193 | Lair:5   | Reached skill level 5 in Fighting
 29228 | Spider:1 | Entered Level 1 of the Spider Nest
 30083 | Spider:2 | Reached XP level 16. HP: 96/111 MP: 31/31
 30272 | Spider:2 | Noticed Asterion
 30307 | Spider:2 | Slain by Asterion

Action                   |  1- 3 |  4- 6 |  7- 9 | 10-12 | 13-15 | 16-18 || total
-------------------------+-------+-------+-------+-------+-------+-------++-------
Melee: Flail             |    62 |   256 |   486 |    29 |       |       ||   833
       Whip              |       |       |       |  1510 |  1577 |       ||  3087
       Morningstar       |       |       |       |       |   393 |       ||   393
       Great mace        |       |       |       |       |   230 |    52 ||   282
Invok: Elemental Force   |       |       |       |       |     1 |       ||     1
 Abil: Dig               |       |     3 |     4 |     9 |    12 |     1 ||    29
Evoke: Wand              |       |       |     2 |     2 |     3 |       ||     7
  Use: Scroll            |       |     7 |     9 |     2 |     4 |       ||    22
       Potion            |       |     4 |    10 |     2 |     9 |     3 ||    28
 Stab: Invisible         |       |     3 |       |       |     4 |       ||     7
       Fleeing           |       |       |       |       |     1 |       ||     1
       Held in net/web   |       |       |       |       |     1 |       ||     1
